 Dungeon Crawl Stone Soup version 0.23.2-1-ga50397a (webtiles) character file.

Game seed: 9934014662224920293

3048 Fang the Fighter (level 9, 0/59 HPs)
             Began as a Gargoyle Berserker on May 1, 2019.
             Was a Priest of Trog.
             Slain by Prince Ribbit (8 damage)
             ... on level 8 of the Dungeon.
             The game lasted 00:07:49 (7224 turns).

Fang the Fighter (Gargoyle Berserker)               Turns: 7224, Time: 00:07:49

Health: 0/59       AC: 13    Str: 27    XL:     9   Next: 87%
Magic:  9/9        EV: 14    Int: 13    God:    Trog [***...]
Gold:   279        SH:  0    Dex:  9    Spells: 8/8 levels left

rFire    . . .     SeeInvis .   r - +2 battleaxe (freeze)
rCold    + . .     Gourm    .   (shield currently unavailable)
rNeg     + + .     Faith    .   v - +0 leather armour of the Demon Prince {rN+ Str+4 Int+4} (curse)
rPois    ∞         Spirit   .   (no helmet)
rElec    +         Reflect  .   (no cloak)
rCorr    .         Harm     .   s - +2 pair of gloves {archery}
MR       ++...                  (no boots)
Stlth    +.........             f - amulet of regeneration
HPRegen  1.59/turn              x - ring of protection from cold
MPRegen  0.11/turn              i - +2 ring of slaying

@: berserk cooldown, regenerating, slowed, very slow
A: negative energy resistance 1, electricity resistance, unbreathing,
petrification resistance, rot immunity, AC +6
a: Berserk, Trog's Hand, Renounce Religion


You were on level 8 of the Dungeon.
You worshipped Trog.
Trog was most pleased with you.
You were near starving.

You visited 2 branches of the dungeon, and saw 9 of its levels.

You collected 554 gold pieces.
You spent 275 gold pieces at shops.

Inventory:

Hand Weapons
 a - a +0 war axe
 r - a +2 battleaxe of freezing (weapon)
Armour
 b - a +0 chain mail
 s - a +2 pair of gloves of archery (worn)
 v - the cursed +0 leather armour of the Demon Prince (worn) {rN+ Str+4 Int+4}
   (You found it on level 7 of the Dungeon)

   It affects your strength (+4).
   It affects your intelligence (+4).
   It protects you from negative energy.
   It has a curse placed upon it.
Jewellery
 f - an amulet of regeneration (around neck)
 i - a +2 ring of slaying (right hand)
 p - an uncursed ring of fire
 x - a ring of protection from cold (left hand)
Wands
 m - a wand of polymorph (7)
 w - a wand of enslavement (12)
 y - a wand of acid (11)
Scrolls
 g - 4 scrolls of identify
 j - 2 scrolls of amnesia {unknown}
 k - 2 scrolls of teleportation {unknown}
 l - 2 scrolls of fear {unknown}
 n - a scroll of noise {unknown}
Potions
 d - 4 potions of curing
 e - 2 potions of might
 h - 2 potions of mutation
 o - a potion of heal wounds
 q - 2 potions of resistance
 t - 2 potions of haste
 u - 2 potions of agility
 z - a potion of flight
Comestibles
 c - 11 rations
 A - 5 chunks of flesh


   Skills:
 + Level 8.0 Fighting
 + Level 6.7 Axes
 + Level 7.6 Armour
 + Level 5.8 Dodging


You had 8 spell levels left.
You didn't know any spells.
Your spell library was empty.

Dungeon Overview and Level Annotations

Branches:
Dungeon (8/15)             Temple (1/1) D:7            Lair (0/6) D:8

Altars:
Dithmenos
Fedhas
Hepliaklqana
Nemelex Xobeh
Qazlal
Vehumet
Yredelemnul

Shops:
D:4 !   D:5 (

Annotations:
D:8 Prince Ribbit


Innate Abilities, Weirdness & Mutations

You are resistant to torment.
Your stone body is resilient. (AC +6)
You are immune to poison.
You resist negative energy. (rN+)
You are resistant to electric shocks. (rElec)
You can survive without breathing.
You are immune to petrification.
You are immune to rotting.


Message History

* * * LOW HITPOINT WARNING * * *
Prince Ribbit hits you but does no damage.
You closely miss Prince Ribbit.
Prince Ribbit is moderately wounded.
Prince Ribbit barely misses you.
Prince Ribbit hits you but does no damage.
Prince Ribbit hits you.
* * * LOW HITPOINT WARNING * * *
You completely miss Prince Ribbit.
Prince Ribbit is moderately wounded.
Prince Ribbit misses you.
Prince Ribbit hits you but does no damage.
Prince Ribbit hits you.
* * * LOW HITPOINT WARNING * * *
You barely miss Prince Ribbit.
Prince Ribbit is moderately wounded.
Prince Ribbit hits you.
* * * LOW HITPOINT WARNING * * *
Prince Ribbit hits you!
You die...

#.####.....##..._.
#.# #.....##.#⌠.⌠
#.# #.....##.##..
#.# #.....##.####
#.# #.....##.##
#.# #.....'...#
#.# #.....#####
#.# #.....# #@#
#.....# #F#
####### #..5†....#
#..........
#..........
#..........
#..........
#..........
#..........


You could see Prince Ribbit and a crimson imp.

Vanquished Creatures
  3 yaks (D:8)
  A wyvern (D:8)
  Duvessa (D:7)
  3 ogres
  A phantom (D:7)
  3 centaurs
  A crocodile (D:8)
  A big kobold (D:7)
  3 bullfrogs
  Dowan (D:7)
  2 scorpions
  2 vampire bats (D:5)
  2 howler monkeys (D:4)
  4 crimson imps
  A centaur zombie (D:6)
  A bullfrog zombie (D:8)
  4 hounds
  2 jellies (D:6)
  A bullfrog skeleton (D:5)
  3 orc priests
  5 orc wizards
  A centaur skeleton (D:5)
  Jessica (D:2)
  Ijyb (D:3)
  Terence (D:3)
  An iguana (D:8)
  Natasha (thrice) (D:3)
  3 worker ants
  A killer bee zombie (D:7)
  2 hound skeletons (D:4)
  A gnoll (D:1)
  A howler monkey skeleton (D:8)
  4 adders
  3 shadow imps
  An adder skeleton (D:6)
  A worm (D:4)
  A dart slug (D:3)
  5 leopard geckos
  20 orcs
  A giant cockroach (D:6)
  7 goblins
  7 hobgoblins
  7 jackals
  4 quokkas
  2 ball pythons (D:3)
  10 bats
  3 frilled lizards
  A jackal skeleton (D:5)
  10 kobolds
  5 rats
153 creatures vanquished.

Notes
Turn   | Place    | Note
-------+----------+-------------------------------------------
     0 | D:1      | Fang the Gargoyle Berserker began the quest for the Orb.
     0 | D:1      | Reached XP level 1. HP: 14/14 MP: 1/1
   206 | D:1      | Reached XP level 2. HP: 19/19 MP: 2/2
   247 | D:1      | You fall through a shaft!
   555 | D:2      | Found a blossoming altar of Fedhas.
   630 | D:2      | Noticed Jessica
   644 | D:2      | Killed Jessica
   644 | D:2      | Reached XP level 3. HP: 22/24 MP: 3/3
  1136 | D:1      | Reached ** piety under Trog
  1367 | D:1      | Reached XP level 4. HP: 29/29 MP: 4/4
  1765 | D:3      | Noticed Natasha
  1782 | D:3      | Killed Natasha
  1782 | D:3      | Reached skill level 4 in Fighting
  1891 | D:3      | Reached XP level 5. HP: 33/33 MP: 5/5
  2017 | D:3      | Noticed Ijyb
  2027 | D:3      | Paralysed by Ijyb for 5 turns
  2035 | D:3      | Killed Ijyb
  2043 | D:3      | Noticed Natasha
  2077 | D:3      | Killed Natasha
  2590 | D:3      | Noticed Terence
  2616 | D:3      | Killed Terence
  2839 | D:3      | Noticed Natasha
  2854 | D:3      | Killed Natasha
  2854 | D:3      | Reached XP level 6. HP: 33/39 MP: 6/6
  2952 | D:4      | Found Fikhluqa's Distillery.
  3525 | D:4      | Reached skill level 5 in Fighting
  3525 | D:4      | Reached XP level 7. HP: 44/44 MP: 7/7
  4123 | D:5      | Entered Level 5 of the Dungeon
  4243 | D:5      | Reached *** piety under Trog
  4510 | D:5      | Reached skill level 5 in Armour
  4532 | D:5      | Found a radiant altar of Vehumet.
  4561 | D:5      | Found Pair's Antique Weapon Shoppe.
  4581 | D:5      | Bought a glowing battleaxe for 275 gold pieces
  4780 | D:6      | Reached XP level 8. HP: 45/51 MP: 8/8
  4871 | D:6      | Reached skill level 6 in Fighting
  4871 | D:6      | Reached skill level 5 in Axes
  5263 | D:7      | Found a basalt altar of Yredelemnul.
  5280 | D:7      | Found a stormy altar of Qazlal.
  5287 | D:7      | Found a staircase to the Ecumenical Temple.
  5322 | Temple   | Entered the Ecumenical Temple
  5479 | D:7      | Found a hazy altar of Hepliaklqana.
  5547 | D:7      | Reached XP level 9. HP: 48/56 MP: 9/9
  5592 | D:7      | Found a shadowy altar of Dithmenos.
  5913 | D:7      | Noticed Dowan
  5913 | D:7      | Noticed Duvessa
  5921 | D:7      | Killed Duvessa
  5921 | D:7      | Reached skill level 7 in Fighting
  5921 | D:7      | Reached skill level 5 in Dodging
  5927 | D:7      | Killed Dowan
  6342 | D:7      | Got a warped leather armour
  6353 | D:7      | Identified the cursed +0 leather armour of the Demon Prince
                  | {rN+ Str+4 Int+4} (You found it on level 7 of the Dungeon)
  6402 | D:8      | Noticed Prince Ribbit
  6662 | D:8      | Found a staircase to the Lair.
  6924 | D:8      | Found a sparkling altar of Nemelex Xobeh.
  7214 | D:8      | Reached skill level 8 in Fighting
  7224 | D:8      | Slain by Prince Ribbit

Skill      XL: |  1  2  3  4  5  6  7  8  9 |
---------------+----------------------------+-----
Axes           | 3 4 5 6 |  6.7
Dodging        | 2 3 4 5 |  5.8
Armour         | 3 4 5 6 7 |  7.6
Fighting       | 4 5 6 8 |  8.0

Action                   |  1- 3 |  4- 6 |  7- 9 || total
-------------------------+-------+-------+-------++-------
Melee: Hand axe          |   114 |   197 |    89 ||   400
       War axe           |       |       |    52 ||    52
       Battleaxe         |       |       |   231 ||   231
Invok: Berserk           |       |     2 |     3 ||     5
       Trog's Hand       |       |       |     1 ||     1
  Use: Scroll            |       |       |    10 ||    10
  Eat: Chunk             |     2 |     8 |    15 ||    25
Armor: Chain mail        |    63 |   130 |   233 ||   426
       Animal skin       |     2 |       |       ||     2
       Leather armour    |       |       |    65 ||    65
Dodge: Dodged            |    52 |   103 |   247 ||   402
